TOP OF THE 1ST |
St. Louis Coeur batting - Pitching for Thunder Bay Northern Lions BC : LHP Hervé Favier
|
Pitching: LHP Hervé Favier
|
|
Batting: RHB Joe Mueller
|
0-0: DOUBLE (Line Drive, 89M, EV 95.0 MPH)
|
Batting: RHB Nobuhisa Murakami
|
0-0: Called Strike 0-1: Ball 1-1: Ball 2-1: Ball 3-1: Called Strike 3-2: Base on Balls
|
Batting: RHB Jaime Soto
|
0-0: Ball 1-0: SINGLE (Flyball, 78S, EV 88.8 MPH) Joe Mueller to third Nobuhisa Murakami to second Runner from 3rd tries for Home, SAFE, no throw by LF
|
Batting: LHB Qing-nian Zexian
|
0-0: Called Strike 0-1: Swinging Strike 0-2: Ball 1-2: Strikes out looking
|
Batting: RHB Melvin Thomas
|
0-0: Ball 1-0: Ball 2-0: Called Strike 2-1: Ball 3-1: Base on Balls Nobuhisa Murakami to third Jaime Soto to second
|
Batting: RHB Guillermo Coss
|
0-0: Called Strike 0-1: Ball 1-1: Ball 2-1: Ball 3-1: SINGLE (Line Drive, 5D, EV 98.8 MPH) Nobuhisa Murakami scores Jaime Soto to third Melvin Thomas to second
|
Batting: RHB Joel Iyiegbuniwe
|
0-0: DOUBLE (Flyball, 78D, EV 99.4 MPH) Jaime Soto scores Melvin Thomas scores Guillermo Coss to third
|
Batting: LHB Tillmam Cru
|
0-0: Foul Ball, location: 2F 0-1: Swinging Strike 0-2: Foul Ball, location: 2F 0-2: Strikes out swinging
|
Batting: RHB Tabor de Maria
|
0-0: Ball 1-0: Called Strike 1-1: Fly out, F9 (Flyball, 89S, EV 95.6 MPH)
|
Top of the 1st over - 4 runs, 4 hits, 0 errors, 2 left on base; St. Louis 4 - Thunder Bay 0 |
BOTTOM OF THE 1ST |
Thunder Bay Northern Lions BC batting - Pitching for St. Louis Coeur : RHP Esteban Rodríguez
|
Pitching: RHP Esteban Rodríguez
|
|
Batting: LHB Ramón Padilla
|
0-0: Called Strike 0-1: Ball 1-1: Called Strike 1-2: Ball 2-2: Foul Ball, location: 2F 2-2: Ball 3-2: SOLO HOME RUN (Flyball, 8LXD, EV 101.2 MPH), Distance : 434 ft
|
Batting: RHB Charles Josse
|
0-0: Foul Ball, location: 2F 0-1: Called Strike 0-2: Foul Ball, location: 2F 0-2: TRIPLE (Flyball, 8LXD, EV 98.1 MPH)
|
Batting: LHB Keaton Kringlen
|
0-0: Called Strike 0-1: Ball 1-1: Called Strike 1-2: Strikes out looking
|
Batting: LHB Yao-pang Chiang
|
0-0: Ball 1-0: Ground out 5-3 (Groundball, 56S, EV 90.0 MPH) Charles Josse scores
|
Batting: RHB Griffin Woodfinlevine
|
0-0: Ground out 5-3 (Groundball, 5, EV 86.9 MPH)
|
Bottom of the 1st over - 2 runs, 2 hits, 0 errors, 0 left on base; St. Louis 4 - Thunder Bay 2 |
TOP OF THE 2ND |
St. Louis Coeur batting - Pitching for Thunder Bay Northern Lions BC : LHP Hervé Favier
|
Batting: RHB Joe Mueller
|
0-0: Ball 1-0: Ball 2-0: Called Strike 2-1: Bunt for hit to 2L - play at first, batter OUT! 2-3
|
Batting: RHB Nobuhisa Murakami
|
0-0: SINGLE (Groundball, 6D, EV 100.6 MPH)
|
Batting: RHB Jaime Soto
|
0-0: Called Strike 0-1: Ball 1-1: Foul Ball, location: 2F 1-2: Ball 2-2: Ball 3-2: DOUBLE (Flyball, 9LD, EV 103.8 MPH) Nobuhisa Murakami to third
|
Batting: LHB Qing-nian Zexian
|
0-0: Ball 1-0: Foul Ball, location: 2F 1-1: Foul Ball, location: 2F 1-2: SINGLE (Groundball, 56D, EV 100.6 MPH) Nobuhisa Murakami scores Jaime Soto to third
|
Batting: RHB Melvin Thomas
|
0-0: Ball 1-0: Ball 2-0: Called Strike 2-1: Ball 3-1: Called Strike 3-2: Grounds into double play, 6-4-3 (Groundball, 56, EV 100.0 MPH)
|
Top of the 2nd over - 1 run, 3 hits, 0 errors, 1 left on base; St. Louis 5 - Thunder Bay 2 |
BOTTOM OF THE 2ND |
Thunder Bay Northern Lions BC batting - Pitching for St. Louis Coeur : RHP Esteban Rodríguez
|
Batting: RHB Domingo Altamiraño
|
0-0: Ball 1-0: SINGLE (Groundball, 34D, EV 94.4 MPH)
|
Batting: SHB Takeshi Kovacs
|
0-0: Foul Ball, location: 2F 0-1: Ball 1-1: Called Strike 1-2: Strikes out swinging
|
Batting: RHB Dragoljub Kandic
|
0-0: Ball 1-0: Called Strike 1-1: Ball 2-1: Fielders Choice at 2nd, 1-6 (Groundball, 13, EV 87.5 MPH)
|
Batting: SHB Jeremy Pollock
|
0-0: Ball 1-0: Ball 2-0: Fly out, F9 (Flyball, 9S, EV 94.4 MPH)
|
Bottom of the 2nd over - 0 runs, 1 hit, 0 errors, 1 left on base; St. Louis 5 - Thunder Bay 2 |
TOP OF THE 3RD |
St. Louis Coeur batting - Pitching for Thunder Bay Northern Lions BC : LHP Hervé Favier
|
Batting: RHB Guillermo Coss
|
0-0: Foul Ball, location: 2F 0-1: Ball 1-1: Ball 2-1: Ball 3-1: Ground out 2-3 (Groundball, 13S, EV 75.0 MPH)
|
Batting: RHB Joel Iyiegbuniwe
|
0-0: Called Strike 0-1: Ball 1-1: Ball 2-1: Foul Ball, location: 2F 2-2: Strikes out swinging
|
Batting: LHB Tillmam Cru
|
0-0: Foul Ball, location: 2F 0-1: Ground out 4-3 (Groundball, 4, EV 78.8 MPH)
|
Top of the 3rd over - 0 runs, 0 hits, 0 errors, 0 left on base; St. Louis 5 - Thunder Bay 2 |
BOTTOM OF THE 3RD |
Thunder Bay Northern Lions BC batting - Pitching for St. Louis Coeur : RHP Esteban Rodríguez
|
Batting: LHB Ramón Padilla
|
0-0: Ball 1-0: Called Strike 1-1: Called Strike 1-2: Ball 2-2: Ball 3-2: Strikes out swinging
|
Batting: RHB Charles Josse
|
0-0: Called Strike 0-1: Ball 1-1: Fly out, F9 (Line Drive, 9, EV 86.2 MPH)
|
Batting: LHB Keaton Kringlen
|
0-0: Called Strike 0-1: Ground out 2-3 (Groundball, 15S, EV 67.5 MPH)
|
Bottom of the 3rd over - 0 runs, 0 hits, 0 errors, 0 left on base; St. Louis 5 - Thunder Bay 2 |
TOP OF THE 4TH |
St. Louis Coeur batting - Pitching for Thunder Bay Northern Lions BC : LHP Hervé Favier
|
Batting: RHB Tabor de Maria
|
0-0: Fly out, F7 (Flyball, 78D, EV 96.2 MPH)
|
Batting: RHB Joe Mueller
|
0-0: Ball 1-0: Swinging Strike 1-1: Ball 2-1: Ball 3-1: Ground out 4-3 (Groundball, 4, EV 93.8 MPH)
|
Batting: RHB Nobuhisa Murakami
|
0-0: Ball 1-0: Ball 2-0: Called Strike 2-1: Foul Ball, location: 2F 2-2: SINGLE (Groundball, 4MD, EV 96.9 MPH)
|
Batting: RHB Jaime Soto
|
0-0: Called Strike 0-1: Ball 1-1: Fielders Choice at 2nd, 5-4 (Groundball, 56, EV 85.0 MPH)
|
Top of the 4th over - 0 runs, 1 hit, 0 errors, 1 left on base; St. Louis 5 - Thunder Bay 2 |
BOTTOM OF THE 4TH |
Thunder Bay Northern Lions BC batting - Pitching for St. Louis Coeur : RHP Esteban Rodríguez
|
Batting: LHB Yao-pang Chiang
|
0-0: Called Strike 0-1: Ball 1-1: Foul Ball, location: 2F 1-2: SOLO HOME RUN (Flyball, 9LD, EV 104.4 MPH), Distance : 341 ft
|
Batting: RHB Griffin Woodfinlevine
|
0-0: Fly out, F9 (Flyball, 9S, EV 87.5 MPH)
|
Batting: RHB Domingo Altamiraño
|
0-0: Ball 1-0: Ball 2-0: Fly out, F8 (Flyball, 89S, EV 70.6 MPH)
|
Batting: SHB Takeshi Kovacs
|
0-0: Called Strike 0-1: Ball 1-1: Ground out 1-3 (Groundball, 13, EV 89.4 MPH)
|
Bottom of the 4th over - 1 run, 1 hit, 0 errors, 0 left on base; St. Louis 5 - Thunder Bay 3 |
TOP OF THE 5TH |
St. Louis Coeur batting - Pitching for Thunder Bay Northern Lions BC : LHP Hervé Favier
|
Batting: LHB Qing-nian Zexian
|
0-0: Ball 1-0: Ball 2-0: SINGLE (Groundball, 6MD, EV 102.5 MPH)
|
Pitching: RHP Ralph DePalma
|
|
Batting: RHB Melvin Thomas
|
0-0: SINGLE (Line Drive, 3L, EV 96.9 MPH) Qing-nian Zexian to second
|
Batting: RHB Guillermo Coss
|
0-0: Called Strike 0-1: Grounds into double play, U5-3 (Groundball, 5L, EV 78.8 MPH) Melvin Thomas to second
|
Batting: RHB Joel Iyiegbuniwe
|
0-0: Ball 1-0: Fly out, F8 (Flyball, 8RM, EV 84.4 MPH)
|
Top of the 5th over - 0 runs, 2 hits, 0 errors, 1 left on base; St. Louis 5 - Thunder Bay 3 |
BOTTOM OF THE 5TH |
Thunder Bay Northern Lions BC batting - Pitching for St. Louis Coeur : RHP Esteban Rodríguez
|
Batting: RHB Dragoljub Kandic
|
0-0: Called Strike 0-1: Ball 1-1: Swinging Strike 1-2: Fly out, F8 (Flyball, 8LS, EV 81.2 MPH)
|
Batting: SHB Jeremy Pollock
|
0-0: Called Strike 0-1: Foul Ball, location: 2F 0-2: Foul Ball, location: 2F 0-2: Ball 1-2: Strikes out swinging
|
Batting: LHB Ramón Padilla
|
0-0: Called Strike 0-1: Called Strike 0-2: Strikes out swinging
|
Bottom of the 5th over - 0 runs, 0 hits, 0 errors, 0 left on base; St. Louis 5 - Thunder Bay 3 |
TOP OF THE 6TH |
St. Louis Coeur batting - Pitching for Thunder Bay Northern Lions BC : RHP Ralph DePalma
|
Batting: LHB Tillmam Cru
|
0-0: Called Strike 0-1: Ball 1-1: Foul Ball, location: 2F 1-2: Foul Ball, location: 2F 1-2: Ball 2-2: Ball 3-2: Foul Ball, location: 2F 3-2: Foul Ball, location: 2F 3-2: SOLO HOME RUN (Flyball, 9D, EV 105.0 MPH), Distance : 349 ft
|
Batting: RHB Tabor de Maria
|
0-0: Ball 1-0: Called Strike 1-1: Foul Ball, location: 2F 1-2: Ball 2-2: Ball 3-2: Strikes out looking
|
Batting: RHB Joe Mueller
|
0-0: Swinging Strike 0-1: DOUBLE (Line Drive, 78D, EV 106.2 MPH)
|
Batting: RHB Nobuhisa Murakami
|
0-0: Ball 1-0: Ball 2-0: Called Strike 2-1: Fly out, F9 (Flyball, 89D, EV 100.0 MPH) Runner from 2nd tags up, SAFE at 3rd, no throw by RF
|
Batting: RHB Jaime Soto
|
0-0: Called Strike 0-1: Ball 1-1: Ball 2-1: SINGLE (Line Drive, 8RS, EV 106.9 MPH) Joe Mueller scores
|
Batting: LHB Qing-nian Zexian
|
0-0: Called Strike 0-1: Fly out, F8 (Line Drive, 8RD, EV 84.4 MPH)
|
Top of the 6th over - 2 runs, 3 hits, 0 errors, 1 left on base; St. Louis 7 - Thunder Bay 3 |
BOTTOM OF THE 6TH |
Thunder Bay Northern Lions BC batting - Pitching for St. Louis Coeur : RHP Esteban Rodríguez
|
Batting: RHB Charles Josse
|
0-0: Ball 1-0: Ball 2-0: Called Strike 2-1: Ball 3-1: Base on Balls
|
Batting: LHB Keaton Kringlen
|
0-0: Called Strike 0-1: Ball Charles Josse is caught stealing 2nd base 2-6 1-1: DOUBLE (Line Drive, 7LS, EV 106.9 MPH)
|
Batting: LHB Yao-pang Chiang
|
0-0: Called Strike 0-1: SINGLE (Line Drive, 89S, EV 98.8 MPH) Keaton Kringlen to third Runner from 3rd tries for Home, SAFE, throw by RF to home
|
Batting: RHB Griffin Woodfinlevine
|
0-0: Called Strike 0-1: Ball 1-1: Fly out, F7 (Flyball, 78D, EV 80.6 MPH)
|
Batting: RHB Domingo Altamiraño
|
0-0: Swinging Strike 0-1: Ground out 4-3 (Groundball, 4, EV 101.2 MPH)
|
Bottom of the 6th over - 1 run, 2 hits, 0 errors, 1 left on base; St. Louis 7 - Thunder Bay 4 |
TOP OF THE 7TH |
St. Louis Coeur batting - Pitching for Thunder Bay Northern Lions BC : RHP Ralph DePalma
|
Pitching: RHP Greg Hoover
|
|
Batting: RHB Melvin Thomas
|
0-0: Ball 1-0: Swinging Strike 1-1: Swinging Strike 1-2: SOLO HOME RUN (Flyball, 78XD, EV 91.9 MPH), Distance : 406 ft
|
Batting: RHB Guillermo Coss
|
0-0: Ball 1-0: Ground out 4-3 (Groundball, 4, EV 90.0 MPH)
|
Batting: RHB Joel Iyiegbuniwe
|
0-0: Called Strike 0-1: Ball 1-1: Called Strike 1-2: Ball 2-2: Strikes out looking
|
Batting: LHB Tillmam Cru
|
0-0: Ball 1-0: Swinging Strike 1-1: Ball 2-1: Ball 3-1: Base on Balls
|
Batting: RHB Tabor de Maria
|
0-0: Ball 1-0: Ball Tillmam Cru steals 2nd base 2-0: Called Strike 2-1: Ball 3-1: Fly out, F8 (Flyball, 8LM, EV 81.2 MPH)
|
Top of the 7th over - 1 run, 1 hit, 0 errors, 1 left on base; St. Louis 8 - Thunder Bay 4 |
BOTTOM OF THE 7TH |
Thunder Bay Northern Lions BC batting - Pitching for St. Louis Coeur : RHP Esteban Rodríguez
|
Batting: SHB Takeshi Kovacs
|
0-0: Ball 1-0: Ball 2-0: Called Strike 2-1: Called Strike 2-2: SINGLE (Groundball, 6, EV 108.1 MPH) (infield hit)
|
Batting: RHB Dragoljub Kandic
|
0-0: Ball 1-0: Foul Ball, location: 2F 1-1: Ball 2-1: Fielders Choice at 2nd, 6-4 (Groundball, 6M, EV 91.9 MPH)
|
Batting: SHB Jeremy Pollock
|
0-0: Called Strike 0-1: Fly out, F6 (Popup, 56, EV 58.1 MPH)
|
Batting: LHB Ramón Padilla
|
0-0: Foul Ball, location: 2F 0-1: SINGLE (Line Drive, 7LM, EV 105.0 MPH) Dragoljub Kandic to second
|
Batting: RHB Charles Josse
|
0-0: Ball 1-0: Called Strike 1-1: Foul Ball, location: 2F 1-2: Hit by Pitch Dragoljub Kandic to third Ramón Padilla to second
|
Batting: LHB Keaton Kringlen
|
0-0: Swinging Strike 0-1: DOUBLE (Groundball, 3L, EV 95.0 MPH) Dragoljub Kandic scores Ramón Padilla scores Charles Josse to third Runner from 3rd tries for Home, SAFE, throw by RF to home
|
Pitching: LHP Denie Ulderink
|
|
Batting: LHB Yao-pang Chiang
|
0-0: Ball 1-0: Swinging Strike 1-1: Ground out 5-3 (Groundball, 56, EV 76.2 MPH)
|
Bottom of the 7th over - 3 runs, 3 hits, 0 errors, 1 left on base; St. Louis 8 - Thunder Bay 7 |
TOP OF THE 8TH |
St. Louis Coeur batting - Pitching for Thunder Bay Northern Lions BC : RHP Greg Hoover
|
Batting: RHB Joe Mueller
|
0-0: Called Strike 0-1: Called Strike 0-2: Ball 1-2: Foul Ball, location: 2F 1-2: SINGLE (Line Drive, 9S, EV 95.0 MPH)
|
Pitching: LHP Mike Hess
|
|
Batting: RHB Nobuhisa Murakami
|
0-0: Ball 1-0: Ball Balk! Joe Mueller to second 2-0: Ball 3-0: Base on Balls
|
Batting: RHB Jaime Soto
|
0-0: Swinging Strike 0-1: Called Strike 0-2: Foul Ball, location: 2F 0-2: Ball 1-2: Strikes out swinging
|
Batting: LHB Qing-nian Zexian
|
0-0: Ball 1-0: Fly out, F7 (Flyball, 78D, EV 81.9 MPH)
|
Batting: RHB Melvin Thomas
|
0-0: Ball 1-0: Foul Ball, location: 2F 1-1: Swinging Strike 1-2: Strikes out swinging
|
Top of the 8th over - 0 runs, 1 hit, 0 errors, 2 left on base; St. Louis 8 - Thunder Bay 7 |
BOTTOM OF THE 8TH |
Thunder Bay Northern Lions BC batting - Pitching for St. Louis Coeur : LHP Denie Ulderink
|
Batting: RHB Griffin Woodfinlevine
|
0-0: Ball 1-0: Swinging Strike 1-1: Ball 2-1: Foul Ball, location: 2F 2-2: Ground out 5-3 (Groundball, 5L, EV 102.5 MPH)
|
Batting: RHB Domingo Altamiraño
|
0-0: Ball 1-0: Called Strike 1-1: Foul Ball, location: 2F 1-2: Strikes out looking
|
Batting: SHB Takeshi Kovacs
|
0-0: Swinging Strike 0-1: Called Strike 0-2: Strikes out swinging
|
Bottom of the 8th over - 0 runs, 0 hits, 0 errors, 0 left on base; St. Louis 8 - Thunder Bay 7 |
TOP OF THE 9TH |
St. Louis Coeur batting - Pitching for Thunder Bay Northern Lions BC : LHP Mike Hess
|
Batting: RHB Guillermo Coss
|
0-0: Called Strike 0-1: Ball 1-1: Ball 2-1: Ball 3-1: Fly out, F4 (Popup, 4, EV 53.8 MPH)
|
Batting: RHB Joel Iyiegbuniwe
|
0-0: Ball 1-0: Swinging Strike 1-1: Swinging Strike 1-2: Strikes out looking
|
Batting: LHB Tillmam Cru
|
0-0: Ball 1-0: Ball 2-0: Called Strike 2-1: Foul Ball, location: 2F 2-2: Ball 3-2: Base on Balls
|
Batting: RHB Tabor de Maria
|
0-0: Ball Tillmam Cru is caught stealing 2nd base 2-4
|
Top of the 9th over - 0 runs, 0 hits, 0 errors, 0 left on base; St. Louis 8 - Thunder Bay 7 |
BOTTOM OF THE 9TH |
Thunder Bay Northern Lions BC batting - Pitching for St. Louis Coeur : LHP Denie Ulderink
|
Batting: RHB Dragoljub Kandic
|
0-0: Called Strike 0-1: Swinging Strike 0-2: Fly out, F9 (Flyball, 9, EV 88.8 MPH)
|
Batting: SHB Jeremy Pollock
|
0-0: Called Strike 0-1: Foul Ball, location: 2F 0-2: Ball 1-2: Foul Ball, location: 2F 1-2: Strikes out swinging, 2-3 out at first.
|
Batting: LHB Ramón Padilla
|
0-0: Called Strike 0-1: Ball 1-1: Ball 2-1: Ball 3-1: Base on Balls
|
Pitching: RHP Marcel Bloemheuvel
|
|
Pinch Hitting: LHB Sébastien Cornu
|
0-0: Ball 1-0: Called Strike 1-1: Ground out 3-1 (Groundball, 34S, EV 60.6 MPH)
|
Bottom of the 9th over - 0 runs, 0 hits, 0 errors, 1 left on base; St. Louis 8 - Thunder Bay 7 |
|